 Dungeon Crawl Stone Soup version 0.22-a0-815-gb582571 (webtiles) character file.

259 iamserjio the Sneak (level 5, -2/27 HPs)
             Began as a Spriggan Monk on July 23, 2018.
             Killed by triggering an arrow trap (12 damage)
             ... in an ossuary.
             The game lasted 00:08:31 (1560 turns).

iamserjio the Sneak (Spriggan Monk)                 Turns: 1560, Time: 00:08:32

Health: -2/27      AC:  2    Str:  8    XL:     5   Next: 94%
Magic:  6/6        EV: 22    Int: 12    God:
Gold:   118        SH:  0    Dex: 18    Spells: 4/4 levels left

rFire    . . .     SeeInvis +   l - +0 dagger (speed)
rCold    . . .     Gourm    .   (shield restricted)
rNeg     . . .     Faith    .   b - +0 robe
rPois    .         Spirit   .   (helmet restricted)
rElec    .         Reflect  .   (no cloak)
rCorr    .         Harm     .   (gloves unavailable)
MR       .....                  (boots unavailable)
Stlth    ++++......             (no amulet)
HPRegen  0.09/turn              (no ring)
MPRegen  0.10/turn              (no ring)

@: very quick
A: very small, unfitting armour, see invisible, herbivore, speed 3, slow
metabolism 2
a: no special abilities


You were in an ossuary.
You were not hungry.

You visited 1 branch of the dungeon, and saw 4 of its levels.
You also visited: Ossuary.

You collected 118 gold pieces.

Inventory:

Hand Weapons
 a - a +0 short sword
 l - a +0 dagger of speed (weapon)
Missiles
 d - 77 stones (quivered)
 e - 2 curare-tipped needles {!f}
 j - 56 sling bullets
 o - 14 arrows
 p - 11 poisoned needles
Armour
 b - a +0 robe (worn)
Scrolls
 h - a scroll of teleportation
 i - 2 scrolls of amnesia {unknown}
 k - a scroll of fog {unknown}
 m - a scroll of remove curse {unknown}
 n - a scroll of magic mapping {unknown}
 q - 2 scrolls of identify {unknown}
 r - a scroll of blinking {unknown}
Potions
 f - 2 potions of agility {unknown}
 g - a potion of flight {unknown}
Comestibles
 c - 8 rations


   Skills:
 - Level 2.4 Fighting
 - Level 4.0 Short Blades
 + Level 6.3 Dodging
 * Level 7.8 Stealth


You had 4 spell levels left.
You didn't know any spells.
Your spell library was empty.

Dungeon Overview and Level Annotations

Branches:
Dungeon (4/15)
 Temple: D:4-7

Altars:
Fedhas


Innate Abilities, Weirdness & Mutations

You are very small and have problems with some larger weapons.
You are too small for most types of armour.
You have supernaturally acute eyesight. (SInv)
You are a herbivore.
You cover ground extremely quickly.
You need to consume almost no food.


Message History

You hit the hobgoblin zombie but do no damage.
The hobgoblin zombie hits you.
You hit the hobgoblin zombie.
The hobgoblin zombie is lightly damaged.
You hit the hobgoblin zombie but do no damage.
The hobgoblin zombie is lightly damaged.
You hit the hobgoblin zombie.
The hobgoblin zombie is heavily damaged.
The hobgoblin zombie completely misses you.
You hit the hobgoblin zombie.
The hobgoblin zombie is severely damaged.
You barely miss the hobgoblin zombie.
The hobgoblin zombie is severely damaged.
The hobgoblin zombie completely misses you.
You hit the hobgoblin zombie.
You destroy the hobgoblin zombie!
There is an open door here.
You found an arrow trap!
An arrow shoots out and hits you!
You die...

######### ###
#∩..#...#!!!?#
#.^.'.∩.#!/[!+
#...#...#?!!!#
#.^.##### ###
#.@^# #+###


There were no monsters in sight!

Vanquished Creatures
  A scorpion (D:4)
  A howler monkey (D:4)
  Terence (D:2)
  A worker ant (D:4)
  2 hound skeletons (D:4)
  4 adders
  An adder zombie (Ossuary)
  3 dart slugs
  3 leopard geckos
  2 giant cockroaches (D:2)
  5 goblins
  3 hobgoblins
  4 jackals (D:2)
  3 kobolds
  A quokka (D:2)
  2 ball pythons (D:4)
  7 bats
  4 frilled lizards
  A hobgoblin zombie (Ossuary)
  6 rats
55 creatures vanquished.

Notes
Turn   | Place    | Note
-------+----------+-------------------------------------------
     0 | D:1      | iamserjio the Spriggan Monk began the quest for the Orb.
     0 | D:1      | Reached XP level 1. HP: 11/11 MP: 2/2
   169 | D:1      | Reached XP level 2. HP: 16/16 MP: 3/3
   248 | D:1      | Reached skill level 4 in Stealth
   393 | D:2      | Reached XP level 3. HP: 19/19 MP: 4/4
   488 | D:2      | Reached skill level 5 in Dodging
   589 | D:2      | Reached skill level 5 in Stealth
   803 | D:2      | Reached XP level 4. HP: 17/23 MP: 5/5
   910 | D:2      | Found a blossoming altar of Fedhas.
   978 | D:2      | Noticed Terence
   983 | D:2      | Killed Terence
  1108 | D:4      | Reached skill level 6 in Stealth
  1108 | D:4      | Reached XP level 5. HP: 27/27 MP: 6/6
  1166 | D:4      | Reached skill level 7 in Stealth
  1516 | D:4      | Found a sand-covered staircase.
  1524 | Ossuary  | Entered an ossuary
  1560 | Ossuary  | Killed by triggering an arrow trap

Vault maps used:
D:1:      dpeg_arrival_arbitrary_a, moated_statue, minmay_quantized
D:2:      lemuel_coloured_pillars_altar, fedhas_altar_4, first_ration,
          uniq_terence
D:3:      doesnt_xom_only_xom
D:4:      chequers_ossuary_entry_cave, saegor_snake_ambush
Ossuary:  ossuary_tomb_2

Skill      XL: |  1  2  3  4  5 |
---------------+----------------+-----
Stealth        | 4 5 6 7 |  7.8
Dodging        | 5 6 |  6.3
Short Blades   | 4 |  4.0
Fighting       | |  2.4

Action                   |  1- 3 |  4- 6 || total
-------------------------+-------+-------++-------
Melee: Short sword       |    33 |       ||    33
       Dagger            |   114 |   108 ||   222
Throw: Stone             |     1 |       ||     1
  Use: Scroll            |     1 |       ||     1
 Stab: Sleeping          |     7 |    14 ||    21
       Distracted        |     1 |       ||     1
Armor: Robe              |     8 |     4 ||    12
Dodge: Dodged            |    93 |    64 ||   157

Table legend:
 A = Spawn XP
 B = Non-spawn XP
 C = Spawn XP percentage of total XP
 D = Spawn monster count
 E = Non-spawn monster count
 F = Spawn count percentage of total count
 G = Total turns spent on level
                    A         B        C        D         E        F      G
               +---------+---------+-------+---------+---------+-------+---------
         Total |       0 |     370 |   0.0 |       0 |      55 |   0.0 |  1560
               +---------+---------+-------+---------+---------+-------+---------
           D:1 |       0 |      26 |   0.0 |       0 |      15 |   0.0 |   371
           D:2 |       0 |     121 |   0.0 |       0 |      26 |   0.0 |   685
           D:3 |       0 |       5 |   0.0 |       0 |       3 |   0.0 |    66
           D:4 |       0 |     211 |   0.0 |       0 |       9 |   0.0 |   402
       Ossuary |       0 |       7 |   0.0 |       0 |       2 |   0.0 |    36
               +---------+---------+-------+---------+---------+-------+---------
